 Dungeon Crawl Stone Soup version 0.30.1-3-gfc49f6343a (webtiles) character file.

Game seed: 3696494950834395163

739 spardeous the Conjurer (level 7, -6/50 HPs)
             Began as a Demigod Conjurer on Aug 2, 2023.
             Mangled by Edmund
             ... wielding a +2 flail of venom
              (7 damage)
             ... on level 6 of the Dungeon.
             The game lasted 00:04:19 (3517 turns).

spardeous the Conjurer (Demigod Conjurer)           Turns: 3517, Time: 00:04:20

Health: -6/50      AC:  2    Str: 12    XL:     7   Next: 22%
Magic:  6/17       EV: 12    Int: 24    God:
Gold:   214        SH:  0    Dex: 12    Spells: 8/15 levels left

rFire   . . .        (no weapon)
rCold   . . .        (no shield)
rNeg    . . .        a - +0 robe
rPois   .            (no helmet)
rElec   .            (no cloak)
rCorr   .            (no gloves)
SInv    .            (no boots)
Will    .....        (no amulet)
Stlth   ++           (no ring)
HPRegen 0.28/turn    (no ring)
MPRegen 0.15/turn

%: no passive effects
@: lethally poisoned (-6 -> -30)
A: high MP 1, forlorn, divine attributes
a: no special abilities


You were on level 6 of the Dungeon.
You visited 1 branch of the dungeon, and saw 4 of its levels.
You also visited: Ossuary.

You collected 214 gold pieces.

Inventory:

Armour
 a - a +0 robe (worn)
Scrolls
 f - a scroll of amnesia {unknown}
 h - 2 scrolls of poison {unknown}
 j - a scroll of fog {unknown}
 k - 6 scrolls of identify {unknown}
 m - a scroll of silence {unknown}
 o - 3 scrolls of enchant weapon {unknown}
 r - 3 scrolls of blinking {unknown}
 s - 3 scrolls of fear {unknown}
 u - a scroll of teleportation {unknown}
 v - a scroll of butterflies {unknown}
Potions
 b - a potion of magic
 c - a potion of haste {unknown}
 d - 3 potions of might {unknown}
 e - 2 potions of flight {unknown}
 g - a potion of brilliance {unknown}
 i - 2 potions of curing {unknown}
 l - 2 potions of lignification {unknown}
 n - 2 potions of mutation {unknown}
 p - 2 potions of berserk rage {unknown}
 q - 2 potions of cancellation {unknown}
 t - a potion of heal wounds {unknown}


   Skills:
 - Level 1.7 Dodging
 - Level 1.7 Stealth
 + Level 4.9 Spellcasting
 + Level 6.8 Conjurations


You had 8 spell levels left.
You knew the following spells:

 Your Spells              Type           Power      Damage    Failure   Level
a - Magic Dart            Conj           100%       1d8       1%          1
b - Searing Ray           Conj           76%        2d7       1%          2
c - Iskenderun's Mystic   Conj/Tloc      22%        2d6       22%         4

Your spell library contained the following spells:

 Spells                   Type           Power      Damage    Failure   Level
 Dazzling Flash           Conj/Hex       44%        N/A       7%          3
 Beastly Appendage        Tmut           10%        N/A       9%          1
 Wereblood                Tmut           5%         N/A       14%         2
 Fulminant Prism          Conj/Hex       11%        3d8       22%         4
 Ozocubu's Armour         Ice            5%         N/A       26%         3
 Spider Form              Tmut/Pois      5%         N/A       26%         3
 Metabolic Englaciation   Hex/Ice        2%         N/A       94%         5
 Simulacrum               Ice/Necr       2%         N/A       100%        6


Dungeon Overview and Level Annotations

Branches:
Dungeon (6/15)            Ossuary (visited)
 Temple: D:4-7

Shops:
D:1 ([(:[   D:2 [

Annotations:
D:6 1 runed translucent door, Edmund; superradish's ghost, novice KoBr


Innate Abilities, Weirdness & Mutations

You have an increased reservoir of magic. (+10% MP)
You shall have no god before yourself.
Your divine heritage dramatically boosts your attributes as you level up.


Message History

The searing ray hits Edmund.
Edmund is moderately wounded.
You finish channelling your searing ray.
Edmund hits you with a +2 flail of venom!
You are poisoned.
You take 13 damage, and have 37/50 hp.
MASSIVE DAMAGE!!
You now have 12/17 mp.
Casting: Searing Ray (safe; 1% risk of failure)
Confirm with . or Enter, or press ? or * to list all spells.
Aiming: Searing Ray (safe; 1% risk of failure)
Press: ? - help, Shift-Dir - straight line, f/p - Edmund
Aim: Edmund, wielding a +2 flail of venom and wearing a +0 ring mail (moderately wounded, 83% to hit)
The searing ray hits Edmund!
Edmund is heavily wounded. (Press . to maintain the ray.)
You feel very sick.
Edmund hits you with a +2 flail of venom!
You are more poisoned.
You take 12 damage, and have 25/50 hp.
MASSIVE DAMAGE!!
You now have 10/17 mp.
Unknown command.
The searing ray hits Edmund.
Edmund is severely wounded.
* * * LOW HITPOINT WARNING * * *
You feel very sick.
Edmund hits you with a +2 flail of venom!
* * * LOW HITPOINT WARNING * * *
You are more poisoned.
You take 18 damage, and have 7/50 hp.
MASSIVE DAMAGE!!
You now have 9/17 mp.
Casting: Searing Ray (safe; 1% risk of failure)
Confirm with . or Enter, or press ? or * to list all spells.
Okay, then.
Okay, then.
Casting: Searing Ray (safe; 1% risk of failure)
Confirm with . or Enter, or press ? or * to list all spells.
The spell is quite dangerous to miscast (22% risk of failure)!
Continue anyway?
You erupt in a blast of force!
The mystic blast hits Edmund.
Edmund is severely wounded.
* * * LOW HITPOINT WARNING * * *
You feel extremely sick.
Edmund hits you with a +2 flail of venom!
You die...

#.#.##...##..................
#†#.##...###.####..###.......
#.#.###### #.# ##...........
#####.#.# #.# ####........
....#.#.# #.# ##....^..
###.#.#.##### #.# ##..####
#...........# #†# ##.....
#..##......[# #.# ##....
#..#........# #@# #....
##..........# #..@......
#.... .......#....#
#......... #....
##..#..#....# #<......##
#.... #..........# #.......#
##### ###.<......# #.......#
####........###.........
..............##########
######........#


You could see Edmund.

Vanquished Creatures
  3 water moccasins (D:6)
  An ogre (D:6)
  A scorpion (D:6)
  2 sleepcaps (D:6)
  3 iguanas (D:6)
  4 mummies (Ossuary)
  5 adders
  A white imp (D:6)
  2 adder zombies (Ossuary)
  3 bats
  5 endoplasms
  A giant cockroach (D:2)
  3 hobgoblins (D:2)
  6 frilled lizards
  6 goblins
  2 goblin zombies (Ossuary)
  4 hobgoblin zombies (Ossuary)
  3 jackal zombies (Ossuary)
  3 kobolds
  An orc zombie (Ossuary)
  4 rats
63 creatures vanquished.

Notes
Turn   | Place    | Note
-------+----------+-------------------------------------------
     0 | D:1      | spardeous the Demigod Conjurer began the quest for the Orb.
     0 | D:1      | Reached XP level 1. HP: 14/14 MP: 5/5
     8 | D:1      | Found Izon's Antique Weapon Shop.
    71 | D:1      | Found Lig Jerph's Armour Emporium.
   150 | D:1      | Found Yre Buet's Book Shoppe.
   261 | D:1      | Found Wini's Weapon Boutique.
   270 | D:1      | Found Peushroe's Antique Armour Emporium.
   622 | D:2      | Reached XP level 2. HP: 20/20 MP: 5/7
   650 | D:2      | Reached skill level 4 in Conjurations
   882 | D:2      | Reached XP level 3. HP: 26/26 MP: 6/9
   962 | D:2      | Found Getoiwn's Antique Armour Boutique.
  1814 | D:3      | Learned a level 2 spell: Searing Ray
  1942 | D:3      | You fall into a shaft and drop 3 floors!
  1968 | D:6      | Found a sand-covered staircase.
  1970 | D:6      | Noticed a water moccasin
  1974 | Ossuary  | Entered an ossuary
  2057 | Ossuary  | Reached XP level 4. HP: 22/33 MP: 3/10
  2137 | Ossuary  | Reached skill level 5 in Conjurations
  2143 | Ossuary  | Learned a level 4 spell: Iskenderun's Mystic Blast
  2523 | D:6      | Killed a water moccasin
  2524 | D:6      | Reached XP level 5. HP: 28/38 MP: 7/13
  2905 | D:6      | Reached XP level 6. HP: 26/45 MP: 6/14
  3030 | D:6      | Reached skill level 6 in Conjurations
  3141 | D:6      | Noticed a water moccasin
  3148 | D:6      | Killed a water moccasin
  3250 | D:6      | Found a runed translucent door.
  3253 | D:6      | Noticed superradish's ghost (novice KoBr)
  3303 | D:6      | Reached XP level 7. HP: 50/50 MP: 9/17
  3427 | D:6      | Noticed Edmund
  3517 | D:6      | HP: 1/50 [poisoned by Edmund]
  3517 | D:6      | Mangled by Edmund

Illustrated notes

Levels and vault maps discovered:
D:1:      ebering_hopf_link, layout_rooms, serial_shops, shop,
          nicolae_square_shop, shop, shop, shop
D:2:      layout_loops_ring, basic_altar, serial_shops, shop
D:3:      layout_loops_corners, nzn_wu_jian_contemplation,
          nicolae_vehumet_altar_sigil, dreamdust_mushroom_princess,
          minmay_misc_feat_room, minmay_misc_feat_more_columns,
          chequers_serial_rivers_micro_c, corexii_shack,
          minmay_randomly_rotated_circles
D:6:      wander_guarded_unrand_ratskin, layout_basic,
          mainiacjoe_overflow_catwalk, nicolae_ossuary_entry_ruins,
          ebering_ghost_sewer_d, uniq_edmund

Skill      XL: |  1  2  3  4  5  6 |
---------------+-------------------+-----
Spellcasting   | 2 3 4 |  4.9
Conjurations   | 4 5 6 |  6.8
Dodging        | |  1.7
Stealth        | |  1.7

Action                     |  1- 3 |  4- 6 |  7- 9 || total
---------------------------+-------+-------+-------++-------
  Melee: Unarmed           |     1 |     2 |       ||     3
   Cast: Magic Dart        |    71 |    36 |     1 ||   108
         Searing Ray       |     2 |    14 |     4 ||    20
         Iskenderun's Myst |       |       |     1 ||     1
 Armour: Robe              |    15 |     1 |     1 ||    17
  Dodge: Dodged            |    57 |     7 |     1 ||    65
